 Dungeon Crawl Stone Soup version 0.28.0-47-ge53b351184 (webtiles) character file.

Game seed: 17164854517249122737

156 klau3 the Ruffian (level 5, -2/41 HPs)
             Began as a Draconian Transmuter on May 6, 2022.
             Slain by Edmund
             ... wielding a +0 dire flail of holy wrath
              (4 damage)
             ... on level 5 of the Dungeon.
             The game lasted 00:14:46 (3332 turns).

klau3 the Ruffian (Draconian Transmuter)            Turns: 3332, Time: 00:14:47

Health: -2/41      AC:  7    Str: 14    XL:     5   Next: 15%
Magic:  9/9        EV: 12    Int: 13    God:
Gold:   145        SH:  0    Dex: 12    Spells: 3/9 levels left

rFire   . . .      SeeInvis .   r - +2 spear (vorpal)
rCold   . . .      Faith    .   (no shield)
rNeg    . . .      Spirit   .   (armour unavailable)
rPois   .          Reflect  .   (helmet currently unavailable)
rElec   .          Harm     .   c - +0 cloak
rCorr   .          Rampage  .   b - +0 pair of gloves
Will    .....                   (boots currently unavailable)
Stlth   +.........              (no amulet)
HPRegen 0.13/turn               (no ring)
MPRegen 0.11/turn               (no ring)

@: appendages (expiring)
A: horns 2, talons 2, AC +5, unfitting armour, cold-blooded
a: End Transformation


You were on level 5 of the Dungeon.
You had temporarily grown beastly horns and talons.
You visited 1 branch of the dungeon, and saw 5 of its levels.

You collected 145 gold pieces.

Inventory:

Hand Weapons
 g - a +0 whip of electrocution
 r - a +2 vorpal spear (weapon)
Armour
 b - a +0 pair of gloves (worn)
 c - a +0 cloak (worn)
 d - a +1 ring mail of fire resistance
 e - a +0 leather armour
 q - a +2 robe of fire resistance
Magical Staves
 a - a staff of earth
Wands
 p - a wand of polymorph (4)
Scrolls
 f - a scroll of enchant weapon
 m - a scroll of fog {unknown}
 o - a scroll of immolation {unknown}
Potions
 h - a potion of invisibility {unknown}
 j - a potion of flight {unknown}
 k - a potion of curing {unknown}
 l - a potion of mutation {unknown}
 n - a potion of berserk rage {unknown}


   Skills:
 + Level 1.8 Fighting
 + Level 1.1 Maces & Flails
 + Level 0.2 Polearms
 + Level 2.6 Dodging
 + Level 0.4 Stealth
 + Level 3.6 Unarmed Combat
 + Level 2.7 Spellcasting
 + Level 3.0 Transmutations


You had 3 spell levels left.
You knew the following spells:

 Your Spells              Type           Power      Damage    Failure   Level
a - Beastly Appendage     Tmut           18%        N/A       7%          1
b - Wereblood             Tmut           9%         N/A       10%         2
c - Spider Form           Tmut/Pois      5%         N/A       36%         3

Your spell library contained the following spells:

 Spells                   Type           Power      Damage    Failure   Level
 Ice Form                 Ice/Tmut       5%         N/A       77%         4


Dungeon Overview and Level Annotations

Branches:
Dungeon (5/15)
 Temple: D:4-7

Altars:
Cheibriados
Sif Muna
Wu Jian
Yredelemnul

Shops:
D:2 [

Annotations:
D:3 Sigmund
D:5 Edmund


Innate Abilities, Weirdness & Mutations

You have temporarily grown beastly horns and talons.
Your plain brown scales are hard. (AC +5)
You cannot fit into any form of body armour.
You are cold-blooded and may be slowed by cold attacks.


Message History

You hit Edmund but do no damage. You claw Edmund, but do no damage.
Edmund hits you with a +0 dire flail of holy wrath.
You hit Edmund but do no damage. You claw Edmund, but do no damage.
Edmund hits you with a +0 dire flail of holy wrath!
You hit Edmund but do no damage. You claw Edmund.
Edmund is lightly wounded.
Edmund hits you with a +0 dire flail of holy wrath.
You hit Edmund. Your headbutt misses Edmund. You tail-slap Edmund.
Edmund is moderately wounded.
Edmund hits you with a +0 dire flail of holy wrath!
* * * LOW HITPOINT WARNING * * *
Aiming: Polymorph
Press: ? - help, Q - select action, (/) - cycle Shift-Dir - straight line, f - Edmund
Aim: Edmund, wielding a +0 dire flail of holy wrath and wearing a +0 scale mail (moderately wounded, will become a river rat, a water moccasin, or a fire crab, chance to affect: 49%) Edmund resists with some effort.
Edmund hits you with a +0 dire flail of holy wrath.
* * * LOW HITPOINT WARNING * * *
Casting: Beastly Appendage (safe; 7% risk of failure)
Press: ? - help, Q - select action, (/) - cycle Dir - look around, f - activate Look: Edmund, wielding a +0 dire flail of holy wrath and wearing a +0 scale mail (moderately wounded)
You extend your transformation's duration.
Edmund gestures with his flail.
Edmund hits you but does no damage.
Aiming: Polymorph
Press: ? - help, Q - select action, (/) - cycle Shift-Dir - straight line, f/p - Edmund
Aim: Edmund, wielding a +0 dire flail of holy wrath and wearing a +0 scale mail (moderately wounded, will become a river rat, a water moccasin, or a fire crab, chance to affect: 49%) Edmund resists with some effort.
Edmund hits you with a +0 dire flail of holy wrath!
* * * LOW HITPOINT WARNING * * *
Edmund gestures with his flail.
Your transformation is almost over.
Edmund says, "People will remember me!
They'll remember me and die!"
There is a stone staircase leading down here.
Edmund hits you with a +0 dire flail of holy wrath.
* * * LOW HITPOINT WARNING * * *
You climb downwards.
Found a spear and a scroll labelled NIHOAKLIHI.
There is a stone staircase leading up here.
Edmund hits you with a +0 dire flail of holy wrath.
You die...

#...# #...#
#####...#####
#...........#
......)....
....... #...#
#.@.#
#....@..#
#.#...#.# #
...## # ....#
...#.#
.......
..#.?#..


You could see Edmund.

Vanquished Creatures
  Natasha (twice) (D:4)
  2 adders
  An adder zombie (D:3)
  3 dart slugs
  2 orcs
  6 ball pythons
  12 endoplasms
  3 giant cockroaches
  12 goblins
  4 hobgoblins
  2 jackals (D:1)
  2 quokkas
  A ball python zombie (D:3)
  6 bats
  3 frilled lizards
  8 kobolds
  6 rats
75 creatures vanquished.

Notes
Turn   | Place    | Note
-------+----------+-------------------------------------------
     0 | D:1      | klau3 the Draconian Transmuter began the quest for the Orb.
     0 | D:1      | Reached XP level 1. HP: 16/16 MP: 3/3
   312 | D:1      | Found a faded altar of an unknown god.
   318 | D:1      | Reached XP level 2. HP: 22/23 MP: 3/5
  1103 | D:1      | Reached XP level 3. HP: 28/28 MP: 4/6
  1296 | D:2      | Learned a level 2 spell: Wereblood
  1435 | D:2      | Found Xialim Culu's Antique Armour Emporium.
  1574 | D:2      | Reached XP level 4. HP: 23/35 MP: 7/7
  1705 | D:2      | Found a snail-covered altar of Cheibriados.
  2034 | D:3      | Found an ornate altar of the Wu Jian Council.
  2044 | D:3      | Noticed a spectral centipede
  2044 | D:3      | Noticed a spectral black mamba
  2044 | D:3      | Noticed a spectral cane toad
  2478 | D:3      | Found a basalt altar of Yredelemnul.
  2558 | D:3      | Noticed Sigmund
  2945 | D:4      | Noticed Natasha
  2958 | D:4      | Killed Natasha
  2959 | D:4      | Reached skill level 1 in Maces & Flails
  2976 | D:4      | Found a shimmering blue altar of Sif Muna.
  2992 | D:4      | Learned a level 3 spell: Spider Form
  3077 | D:4      | Noticed Natasha
  3089 | D:4      | Killed Natasha
  3090 | D:4      | Reached XP level 5. HP: 13/41 MP: 9/9
  3305 | D:4      | Noticed Edmund
  3317 | D:4      | HP: 1/41 [Edmund/+0 dire flail of holy wrath (8)]
  3330 | D:4      | HP: 2/41 [Edmund/+0 dire flail of holy wrath (1)]
  3331 | D:5      | Entered Level 5 of the Dungeon
  3332 | D:5      | Slain by Edmund

Illustrated notes

Levels and vault maps discovered:
D:1:      dpeg_arrival_tiny_e, layout_basic,
          hellmonk_ecumenical_altar_inner_sanctum, minmay_vboxes
D:2:      minmay_diamond_boxcup, layout_rooms, serial_shops,
          nicolae_shop_advertising_works [nicolae_subvault_shop_adworks],
          basic_altar
D:3:      layout_basic, lemuel_zombie_altar_yredelemnul,
          pdpol_wu_jian_five_deadly_venoms, uniq_sigmund
D:4:      layout_basic, nicolae_sif_muna_condensation, uniq_edmund, uniq_natasha
D:5:      layout_loops_cross, uniq_blork_the_orc

Skill      XL: |  1  2  3  4 |
---------------+-------------+-----
Dodging        | 2 |  2.6
Maces & Flails | 1 |  1.1
Transmutations | 3 |  3.0
Fighting       | |  1.8
Polearms       | |  0.2
Stealth        | |  0.4
Unarmed Combat | |  3.6
Spellcasting   | |  2.7

Action                   |  1- 3 |  4- 6 || total
-------------------------+-------+-------++-------
Melee: Unarmed           |    46 |       ||    46
       Headbutt          |     9 |     5 ||    14
       Kick              |     8 |    13 ||    21
       Tailslap          |     9 |     9 ||    18
       Whip              |    70 |    27 ||    97
       Punch             |     2 |       ||     2
       Spear             |       |    41 ||    41
 Cast: Beastly Appendage |    20 |    15 ||    35
       Wereblood         |     3 |     4 ||     7
Evoke: Wand              |       |     2 ||     2
  Use: Scroll            |       |     2 ||     2
Armor: Skin              |    70 |    20 ||    90
Dodge: Dodged            |   115 |    39 ||   154
